FIQ, neutral male gnomish Wizard ----------- -------- |..........# |...>..| |.........|# |......| |..<......|# ------------- #-......| ---------.-# |*.........*| ###|....^..######## # # |.....*.....| # -------- # ### |...-----....#### ###---------- # # |...|.{.....| #-G.......| ###### # #...*|{.{|*..| |a......)| ----.-- # ###|...|.{.|...| #.......?.| |.....|##################|...-----...| ---------- |...(.| ########### #......*.....| |.....| #------- # #|*.%.......*| |......######|.....| # ------------- ------- #|...^.+##### #|..%..| # #|.....-## ------- FIQ the Thaumaturge Experience level: 7 Strength: 11 Dexterity: 12 Constitution: 14 Intelligence: 19 Wisdom: 12 Charisma: 10 Health: 0(65) Energy: 18(62) Def: 8 Gold: 271 Moves: 5985 Dungeon seed: 1H95JWRrPb07yYLi Game ID: FIQ_1654074692 Your Inventory: Coins $ - 271 gold pieces Weapons a - a blessed +1 quarterstaff (weapon in hands) Armor e - an uncursed +0 cloak of magic resistance (being worn) r - an uncursed +0 leather armor (being worn) y - an uncursed +0 pair of leather gloves (being worn) z - an uncursed +0 orcish helm (being worn) Comestibles c - an uncursed lichen corpse j - 2 uncursed carrots u - 4 uncursed food rations v - 2 uncursed fortune cookies H - 2 uncursed eggs P - an uncursed melon Scrolls l - an uncursed scroll of fire q - a cursed scroll of enchant armor w - an uncursed scroll of taming J - an uncursed scroll of magic mapping T - an uncursed scroll of enchant weapon U - an uncursed scroll of recall W - an uncursed scroll of identify Spellbooks f - an uncursed spellbook of summoning s - an uncursed spellbook of polymorph F - an uncursed spellbook of polymorph R - an uncursed spellbook of magic missile Potions p - 2 uncursed potions of booze B - an uncursed potion of full healing G - an uncursed potion of sickness S - an uncursed potion of oil X - a blessed potion of gain level Wands b - an uncursed wand of striking (0:0) i - an uncursed wand of cancellation (0:6) m - an uncursed wand of speed monster (0:5) I - an uncursed wand of striking (0:6) L - an uncursed wand of striking (0:6) Tools h - an uncursed blindfold k - an uncursed skeleton key C - an uncursed tin whistle Gems n - an uncursed worthless piece of blue glass N - an uncursed worthless piece of yellowish brown glass Y - an uncursed worthless piece of black glass Spells and supernatural/magical abilities: Name Level Category Cost Memory a - force bolt 1 attack 6pw 91% k - knock 1 matter 12pw 91% m - magic missile 2 attack 12pw 91% s - slow monster 2 enchantment 16pw 100% O - summoning 2 clerical 25pw 91% W - pray for help -- divine ? -- Your skills at the end: Fighting Skills wands [Basic] Weapon Skills quarterstaff [Skilled] Spellcasting Skills attack spells [Skilled] enchantment spells [Basic] Final Attributes: You were stridently aligned. You were magic resistant. You had infravision. You were protected. You last prayed 3888 turns ago. Thoth was noncommittal. You are dead. Vanquished creatures: a leprechaun a housecat a jaguar a raven a gnome mummy a human zombie 4 fire ants 2 Mordor orcs a rock piercer a rock mole 2 ponies a fog cloud a yellow light a shrieker a black naga hatchling 3 gray oozes 7 elf zombies a straw golem 5 giant ants 3 floating eyes a kitten 2 dwarves 2 homunculi 3 kobold lords 5 hill orcs a rothe 2 giant bats 5 orc zombies a werejackal 3 iguanas 4 killer bees 2 acid blobs 5 coyotes a gas spore 7 hobbits a large kobold 3 hobgoblins 11 giant rats 4 cave spiders a red mold 4 gnomes 4 geckos 15 jackals 2 kobolds 4 goblins 3 sewer rats 6 grid bugs 2 bats 5 lichens 3 kobold zombies 9 newts 160 creatures vanquished. Voluntary challenges: You used a wielded weapon 80 times, starting on turn 1320. You read items or engraved 3 times, starting on turn 891. You never genocided any monsters. You never polymorphed an object. You never changed form. You used no wishes. You never split a pudding. You never wrote Elbereth's name. You violated your moral code, losing 58 points of alignment, starting on turn 3105. Dungeon overview: The Dungeons of Doom: levels 1 to 8 Level 1 some fountains, a vault a long staircase Level 2 a fountain stairs to The Gnomish Mines Level 3 a vault Level 4 Level 5 a fountain, a vault Level 6 <- You were here many fountains Level 7 a fountain a long staircase Level 8 The Gnomish Mines: levels 3 to 6 Level 3 stairs to The Dungeons of Doom Level 4 Level 5 Level 6 many shops, a temple to Anhur, some fountains History has recorded: On T:1 you entered the Dungeons of Doom to retrieve the Amulet of Yendor! On T:246 you reached level 2 of The Dungeons of Doom. On T:587 you reached level 1 of The Gnomish Mines. On T:764 you reached level 2 of The Gnomish Mines. On T:942 you reached level 3 of The Gnomish Mines. On T:1371 you advanced to experience level 2. On T:1603 you advanced to experience level 3. On T:1849 you advanced to experience level 4. On T:3027 you advanced to experience level 5. On T:3694 you reached level 3 of The Dungeons of Doom. On T:4137 you reached level 4 of The Dungeons of Doom. On T:4508 you reached level 5 of The Dungeons of Doom. On T:4840 you advanced to experience level 6. On T:5083 you reached level 6 of The Dungeons of Doom. On T:5213 you reached level 7 of The Dungeons of Doom. On T:5535 you reached level 8 of The Dungeons of Doom. On T:5975 you advanced to experience level 7. Score breakdown: Gold: 271 ( 8281 points) Experience: 7 levels (13645 points) Exploration: 8 levels ( 17.78%) (11965 points) Discoveries: 11 items ( 3.69%) ( 5763 points) Valuables value: (no points given unless you survive) Artifact value: 0 ( 0 points) Variety of kills: 51 monsters ( 13.42%) (10990 points) Turncount: 5985 turns (-1620 points) Survival: died (score multiplied by 80%) Total score: 39219 Latest messages: The magic missile hits the fire ant! The fire ant is killed by the magic missile! The force bolt misses the enslaved fire ant. The enslaved fire ant bites! The enslaved fire ant misses. [2 turns] The enslaved fire ant misses. The enslaved fire ant bites! You are on fire! You are too hungry to cast that spell. You feel an absence of magical power. The enslaved fire ant bites! (2x) You are on fire! The enslaved fire ant bites! (2x) You are on fire! The enslaved fire ant misses. The enslaved fire ant bites! You are on fire! You die... Final status: Goodbye FIQ the Wizard, killed by a fire ant... You died in The Dungeons of Doom on dungeon level 6 with 39219 points, and 271 pieces of gold, after 5985 moves. You were level 7 with a maximum of 65 hit points when you died.